 Dungeon Crawl Stone Soup version 0.27.0-1-g7a089689b8 (webtiles) character file.

Game seed: 1369099025144426474

156 gimp the Skirmisher (level 5, 0/48 HPs)
             Began as a Minotaur Artificer on July 31, 2021.
             Slain by a kobold brigand (2 damage)
             ... on level 3 of the Dungeon.
             The game lasted 00:02:53 (1460 turns).

gimp the Skirmisher (Minotaur Artificer)            Turns: 1460, Time: 00:02:53

Health: 0/48       AC:  7    Str: 17    XL:     5   Next: 15%
Magic:  4/4        EV: 13    Int:  8    God:
Gold:   86         SH:  0    Dex: 11    Spells: 4/4 levels left

rFire    . . .     SeeInvis .   j - +0 quarterstaff
rCold    . . .     Faith    .   (shield currently unavailable)
rNeg     . . .     Spirit   .   g - +0 scale mail
rPois    .         Reflect  .   (helmet restricted)
rElec    .         Harm     .   n - scarf {+Inv}
rCorr    .         Rampage  .   (no gloves)
Will     .....                  (no boots)
Stlth    ..........             (no amulet)
HPRegen  0.16/turn              a - +4 ring of evasion
MPRegen  0.09/turn              (no ring)

@: lethally poisoned (0 -> -19)
A: horns 2, retaliatory headbutt
a: Evoke Invisibility


You were on level 3 of the Dungeon.
You visited 1 branch of the dungeon, and saw 3 of its levels.

You collected 86 gold pieces.

Inventory:

Hand Weapons
 j - a +0 quarterstaff (weapon)
Armour
 b - a +0 leather armour
 g - a +0 scale mail (worn)
 n - a scarf of invisibility (worn)
Jewellery
 a - a +4 ring of evasion (left hand)
 k - a ring of magical power
Wands
 c - a wand of flame (15) (quivered)
 d - a wand of charming (15)
Scrolls
 f - 2 scrolls of enchant armour {unknown}
 h - 3 scrolls of blinking {unknown}
 i - a scroll of noise {unknown}
 l - a scroll of amnesia {unknown}
 m - a scroll of enchant weapon {unknown}
 o - 2 scrolls of teleportation {unknown}
 q - a scroll of fear {unknown}
Potions
 p - a potion of might
 r - a potion of resistance {unknown}
Miscellaneous
 e - a piece from Xom's chessboard (13/15)


   Skills:
 - Level 5.0 Fighting
 + Level 4.2 Armour
 - Level 1.1 Dodging
 - Level 0.7 Stealth
 - Level 2.6 Evocations


You had 4 spell levels left.
You didn't know any spells.
Your spell library contained the following spells:

 Spells                   Type           Power      Damage    Failure   Level
 Call Canine Familiar     Summ           0%         N/A       99%         3
 Portal Projectile        Hex/Tloc       0%         N/A       99%         3
 Stone Arrow              Conj/Erth      0%         3d7       99%         3
 Leda's Liquefaction      Hex/Erth       0%         N/A       100%        4
 Bolt of Magma            Conj/Fire/Erth 0%         4d4       100%        5
 Shatter                  Erth           0%         3d5*      100%        9


Dungeon Overview and Level Annotations

Branches:
Dungeon (3/15)

Altars:
Uskayaw

Shops:
D:1 *


Innate Abilities, Weirdness & Mutations

You have a pair of horns on your head.
You reflexively headbutt those who attack you in melee.


Message History

The kobold brigand barely misses you. You furiously retaliate!
You headbutt the kobold brigand!
You kill the kobold brigand!
Training target 5.0 for Fighting reached!
Your Fighting skill increases to level 5!
Your Armour skill increases to level 4!
You have reached level 5!
You regained 2 hp, and now have 33/48 hp.
MP restored: 4 You sock the kobold brigand!
You headbutt the kobold brigand.
The kobold brigand is heavily wounded.
You feel very sick.
The kobold brigand hits you with a +2 dagger of venom.
You are more poisoned.
The kobold brigand hits you but does no damage.
You are lethally poisoned!
You take 6 damage, and have 27/48 hp.
You make a move on Xom's chessboard...
The kobold brigand flickers and vanishes!
Deactivating autopickup; reactivate with Ctrl-A.
You feel very sick.
The orc shouts!
Something hits you.
You are more poisoned.
You take 10 damage, and have 17/48 hp.
MASSIVE DAMAGE!!
You can't see anything.
Try to make a move anyway? [Y]es or [N]o only, please.
You can't see anything.
Try to make a move anyway?
You make a move on Xom's chessboard...
Nothing appears to happen.
* * * LOW HITPOINT WARNING * * *
You feel extremely sick. Something barely misses you.
You take 8 damage, and have 9/48 hp.
Okay, then.
Unknown command.
You sock something!
* * * LOW HITPOINT WARNING * * *
You feel extremely sick. Something hits you.
You die...

................
...........
.....###...#######.#
#..........
.........<.........
..........
.....#########≈≈≈≈≈
..######.# .........<#
≈≈≈o .#######..
############ ≈≈o
###...))### ?[..#
#≈######.....))...
?!....###.......#####...
#..{@......###≈≈≈####
###.).######≈≈≈≈≈≈≈ #
##### ≈≈≈≈≈≈≈≈##
####≈≈≈#### ##### .


You could see 2 orcs.

Vanquished Creatures
  A kobold brigand (D:3)
  3 adders (D:2)
  2 worms (D:2)
  A dart slug (D:3)
  An orc (D:3)
  2 ball pythons (D:2)
  3 bats
  2 endoplasms
  4 giant cockroaches
  A goblin (D:3)
  6 hobgoblins
  9 jackals
  9 kobolds
  2 frilled lizards
  3 rats
49 creatures vanquished.

Notes
Turn   | Place    | Note
-------+----------+-------------------------------------------
     0 | D:1      | gimp the Minotaur Artificer began the quest for the Orb.
     0 | D:1      | Reached XP level 1. HP: 16/16 MP: 0/0
   119 | D:1      | Found Jinopt's General Store.
   176 | D:1      | Reached skill level 2 in Fighting
   229 | D:1      | Reached XP level 2. HP: 21/25 MP: 1/1
   479 | D:2      | Reached skill level 3 in Fighting
   696 | D:2      | Reached XP level 3. HP: 33/33 MP: 2/2
   772 | D:2      | Reached skill level 4 in Fighting
   968 | D:2      | Reached XP level 4. HP: 41/41 MP: 3/3
  1217 | D:3      | Found a hide-covered altar of Uskayaw.
  1450 | D:3      | Noticed a kobold brigand
  1452 | D:3      | Noticed a kobold brigand
  1456 | D:3      | Killed a kobold brigand
  1457 | D:3      | Reached skill level 5 in Fighting
  1457 | D:3      | Reached XP level 5. HP: 33/48 MP: 4/4
  1460 | D:3      | HP: 2/48 [poisoned by a kobold brigand]
  1460 | D:3      | Slain by a kobold brigand

Illustrated notes

Levels and vault maps discovered:
D:1:      lightli_arrival_chessboard, layout_basic, serial_shops,
          nicolae_diamond_shop
D:2:      layout_loops_ring
D:3:      cheibrodos_thug_alley, layout_basic, mainiacjoe_overflow_catwalk,
          serial_shops, nicolae_shop_crystal,
          shapermc_ecumenical_altar_mp_urbaneastern

Skill      XL: |  1  2  3  4 |
---------------+-------------+-----
Fighting       | 2 3 4 5 |  5.0
Armour         | 3 4 |  4.2
Dodging        | |  1.1
Stealth        | |  0.7
Evocations     | |  2.6

Action                   |  1- 3 |  4- 6 || total
-------------------------+-------+-------++-------
Melee: Quarterstaff      |    68 |    29 ||    97
       Headbutt          |     6 |     6 ||    12
Evoke: Piece from Xom's  |       |     2 ||     2
Armor: Scale mail        |    18 |    17 ||    35
Dodge: Dodged            |    61 |    25 ||    86
